 Dungeon Crawl Stone Soup version 0.29.0-4-gdea44cf6ec (webtiles) character file.

Game seed: 7831886937694461882

2237 qw the Cleaver (level 9, -19/52 HPs)
             Began as a Tengu Warper on Aug 28, 2022.
             Was a Believer of Okawaru.
             Demolished by a boulder beetle (23 damage)
             ... on level 7 of the Dungeon.
             The game lasted 00:00:38 (7903 turns).

qw the Cleaver (Tengu Warper)                       Turns: 7903, Time: 00:00:38

Health: -19/52     AC: 12    Str: 16    XL:     9   Next: 36%
Magic:  11/13      EV: 11    Int: 13    God:    Okawaru [**....]
Gold:   488        SH:  6    Dex: 14    Spells: 12/12 levels left

rFire   . . .      SeeInvis .   Y - +0 war axe
rCold   . . .      Faith    .   d - +0 buckler
rNeg    . . .      Spirit   .   c - +0 chain mail
rPois   .          Reflect  .   (helmet restricted)
rElec   .          Harm     .   a - +0 cloak
rCorr   .          Rampage  .   (no gloves)
Will    .....                   (boots unavailable)
Stlth   ..........              (no amulet)
HPRegen 0.17/turn               (no ring)
MPRegen 0.13/turn               (no ring)

@: heroic, flying quickly and evasively, quick
A: beak, talons 3, nimble flight
a: Renounce Religion, Heroism


You were on level 7 of the Dungeon.
You worshipped Okawaru.
Okawaru was pleased with you.
You visited 2 branches of the dungeon, and saw 8 of its levels.

You collected 488 gold pieces.


Innate Abilities, Weirdness & Mutations

You have a beak for a mouth.
You have claws for feet.
Your magical nature lets you fly swiftly and evasively.


   Skills:
 + Level 4.5(9.5) Fighting
 - Level 10.0(15.0) Axes
 - Level 1.0(6.0) Throwing
 - Level 4.0(9.0) Armour
 - Level 3.1(8.1) Dodging
 - Level 3.0(8.0) Shields
 - Level 2.0 Spellcasting
 - Level 2.4 Translocations
 - Level 4.1 Invocations


You had 12 spell levels left.
You didn't know any spells.
Your spell library contained the following spells:

 Spells                   Type           Power      Damage    Failure   Level
 Blink                    Tloc           14%        N/A       91%         2
 Gell's Gravitas          Tloc           7%         N/A       99%         3
 Lesser Beckoning         Tloc           7%         N/A       99%         3
 Teleport Other           Tloc           7%         N/A       99%         3
 Manifold Assault         Tloc           7%         N/A       100%        5

Inventory:

Hand Weapons
 f - a +1 hand axe of flaming
 Y - a +0 war axe (weapon)
Missiles
 e - 3 boomerangs (quivered)
Armour
 a - a +0 cloak (worn)
 c - a +0 chain mail (worn)
 d - a +0 buckler (worn)
Scrolls
 i - 3 scrolls of identify
Potions
 b - a potion of haste
 j - a potion of mutation
 k - a potion of might
 n - 3 potions of curing

Dungeon Overview and Level Annotations

Branches:
Dungeon (7/15)             Temple (1/1) D:4

Altars:
Ashenzari
Cheibriados
Dithmenos
Elyvilon
Fedhas
Gozag
Hepliaklqana
Kikubaaqudgha
Makhleb
Nemelex Xobeh
Okawaru
Qazlal
Ru
Sif Muna
Trog
Uskayaw
Vehumet
Wu Jian
Xom
Yredelemnul
Zin
The Shining One

Shops:
D:6 :

Annotations:
D:6 1 runed translucent door, qw's ghost, amateur TeWr


Message History

The boulder beetle bites you.
You hit the boulder beetle but do no damage.
You claw the boulder beetle, but do no damage.
You peck the boulder beetle, but do no damage.
The boulder beetle is moderately wounded.
The boulder beetle leaps!
You start resting.
Magic restored.
Throw: 3 boomerangs
Press: ? - help, Q - select action Shift-Dir - straight line, f/p - boulder beetle You throw a boomerang.
The boomerang hits the boulder beetle but does no damage.
The boulder beetle is moderately wounded.
You hit the boulder beetle.
You claw the boulder beetle, but do no damage.
The boulder beetle is moderately wounded.
The boulder beetle leaps!
You start resting.
You feel like a meek peon again.
A boulder beetle is nearby!
7897 ||| INVOKING Heroism.
You gain the combat prowess of a mighty hero.
You hit the boulder beetle. Your peck misses the boulder beetle.
The boulder beetle is moderately wounded.
You block the boulder beetle's attack.
You hit the boulder beetle.
You claw the boulder beetle, but do no damage.
The boulder beetle is moderately wounded.
You barely miss the boulder beetle.
You claw the boulder beetle, but do no damage.
The boulder beetle is moderately wounded.
The boulder beetle bites you.
You hit the boulder beetle.
You claw the boulder beetle, but do no damage.
The boulder beetle is moderately wounded.
You block the boulder beetle's attack.
You slice the boulder beetle!!
The boulder beetle is heavily wounded.
The boulder beetle bites you!!
You die...

####
#...############
#.#............#
#..............#
#..............#
####...#.#.#..(#
###.#)#...####...#
.................#
.#######........@#
.#
....#.##..B...8..
.#
........#....._..#
.#
#........#......8..
.#
########.#.........
## .########.. .


You could see a boulder beetle.

Vanquished Creatures
  Menkaure (D:5)
  Duvessa (D:4)
  3 ice beasts
  A black bear (D:5)
  A sky beast (D:6)
  3 ogres
  A centaur (D:6)
  2 phantoms
  3 necrophages (D:5)
  3 scorpions
  3 wights (D:6)
  Dowan (D:4)
  A howler monkey (D:5)
  5 hounds
  4 iguanas
  Jessica (D:2)
  3 gnolls (D:5)
  8 adders
  A shadow imp (D:6)
  3 white imps
  2 ufetubi (D:5)
  A dart slug (D:1)
  10 orcs
  3 bats
  An endoplasm (D:2)
  6 giant cockroaches
  2 goblins (D:1)
  3 hobgoblins
  3 jackals
  5 kobolds
  A quokka (D:2)
  14 ball pythons
  6 rats
106 creatures vanquished.

Notes
Turn   | Place    | Note
-------+----------+-------------------------------------------
     0 | D:1      | qw the Tengu Warper began the quest for the Orb.
     0 | D:1      | Reached XP level 1. HP: 12/12 MP: 4/4
     0 | D:1      | 0 ||| qw: Version: 0.1-a-89-g26bdef1
     0 | D:1      | 0 ||| qw: Game counter: 145
     0 | D:1      | 0 ||| qw: Always use a shield: true
     0 | D:1      | 0 ||| qw: God list: Okawaru
     0 | D:1      | 0 ||| qw: Allow faded altars: false
     0 | D:1      | 0 ||| qw: Do Orc after D:15 true
     0 | D:1      | 0 ||| qw: Do second Lair branch before Depths: true
     0 | D:1      | 0 ||| qw: Lair rune preference: random
     0 | D:1      | 0 ||| qw: Plans: Normal
     0 | D:1      | 0 ||| PLANNING D:1-11
    91 | D:1      | Reached XP level 2. HP: 16/17 MP: 6/6
   103 | D:1      | Reached skill level 3 in Axes
   210 | D:1      | 210 ||| Stepping ~*~*~tactically~*~*~ (stealth).
   216 | D:1      | 216 ||| Stepping ~*~*~tactically~*~*~ (stealth).
   569 | D:1      | 569 ||| READING scroll labelled WINKOPP ACWOMIR.
   570 | D:1      | 570 ||| READING scroll labelled WYDACA JASOOR.
   895 | D:1      | 895 ||| READING scroll labelled MACRO WEOLE.
   896 | D:1      | 896 ||| READING scroll labelled ROLIFY GUBLOT.
   897 | D:1      | 897 ||| READING scroll labelled KOCANI ORPHOACU.
   898 | D:1      | 898 ||| DRINKING 2 metallic pink potions.
   899 | D:1      | 899 ||| DROPPING scroll of blinking.
   900 | D:1      | 900 ||| DROPPING potion of flight.
  1087 | D:2      | Reached XP level 3. HP: 21/21 MP: 7/7
  1088 | D:2      | Found a faded altar of an unknown god.
  1315 | D:2      | Reached skill level 4 in Axes
  1567 | D:2      | Noticed Jessica
  1569 | D:2      | Killed Jessica
  1570 | D:2      | Reached XP level 4. HP: 26/26 MP: 8/8
  1609 | D:2      | 1609 ||| DROPPING +0 whip.
  1783 | D:2      | HP: 6/26 [poisoned by an adder]
  2460 | D:2      | 2460 ||| UPGRADING to +0 scale mail.
  2470 | D:2      | 2470 ||| DROPPING +0 leather armour.
  2471 | D:2      | 2471 ||| DROPPING orb of light.
  2472 | D:2      | 2472 ||| READING scroll labelled INIQYCW EWNE.
  2473 | D:2      | 2473 ||| READING scroll labelled KARGHAS ITUKI.
  2474 | D:2      | 2474 ||| READING 2 scrolls labelled WYONAKK ONGOTZ.
  2475 | D:2      | 2475 ||| DRINKING 2 yellow potions.
  2576 | D:2      | 2576 ||| DRINKING 2 ruby potions.
  2577 | D:2      | 2577 ||| DROPPING potion of ambrosia.
  2641 | D:3      | 2641 ||| STAIRDANCE
  2649 | D:3      | Reached skill level 5 in Axes
  2783 | D:3      | 2783 ||| Stepping ~*~*~tactically~*~*~ (hiding).
  3192 | D:3      | 3192 ||| SWAPPING to +1 hand axe of venom.
  3193 | D:3      | 3193 ||| DROPPING +0 hand axe of venom.
  3430 | D:3      | 3430 ||| UPGRADING to +0 chain mail.
  3440 | D:3      | 3440 ||| DROPPING +0 scale mail.
  3441 | D:3      | 3441 ||| DROPPING amulet of magic regeneration.
  3462 | D:4      | 3462 ||| DRINKING 2 black potions.
  3463 | D:4      | 3463 ||| READING 2 scrolls of teleportation.
  3464 | D:4      | 3464 ||| FLEEEEING.
  3465 | D:4      | 3465 ||| FLEEEEING.
  3472 | D:4      | Found a staircase to the Ecumenical Temple.
  3473 | D:4      | 3473 ||| PLANNING TEMPLE
  3481 | Temple   | Entered the Ecumenical Temple
  3525 | Temple   | Became a worshipper of Warmaster Okawaru
  3584 | Temple   | 3584 ||| PLANNING D:1-11
  3676 | D:4      | Noticed a scorpion
  3677 | D:4      | 3677 ||| Stepping ~*~*~tactically~*~*~ (stealth).
  3681 | D:4      | Killed a scorpion
  3682 | D:4      | Reached skill level 6 in Axes
  3682 | D:4      | Gained mutation: Your magical nature lets you fly swiftly
                  | and evasively. [Tengu growth]
  3682 | D:4      | Reached XP level 5. HP: 30/30 MP: 9/9
  3682 | D:4      | 3682 ||| Stepping ~*~*~tactically~*~*~ (stealth).
  3684 | D:4      | 3684 ||| Stepping ~*~*~tactically~*~*~ (stealth).
  3736 | D:4      | Noticed an ice beast
  3737 | D:4      | 3737 ||| Stepping ~*~*~tactically~*~*~ (stealth).
  3738 | D:4      | 3738 ||| Stepping ~*~*~tactically~*~*~ (stealth).
  3778 | D:4      | Killed an ice beast
  3779 | D:4      | Reached skill level 3 in Armour
  3779 | D:4      | Reached XP level 6. HP: 35/35 MP: 10/10
  3867 | D:4      | 3867 ||| READING scroll labelled VITWUNI XYSUORPH.
  3868 | D:4      | 3868 ||| READING scroll of teleportation.
  4363 | D:4      | Noticed Duvessa
  4363 | D:4      | Noticed Dowan
  4376 | D:4      | Killed Duvessa
  4376 | D:4      | Reached * piety under Okawaru
  4377 | D:4      | Reached skill level 7 in Axes
  4377 | D:4      | Reached XP level 7. HP: 12/40 MP: 11/11
  4377 | D:4      | 4377 ||| INVOKING Heroism.
  4379 | D:4      | HP: 10/40 [poisoned by Dowan]
  4380 | D:4      | 4380 ||| DRINKING potion of heal wounds.
  4387 | D:4      | Killed Dowan
  4393 | D:4      | HP: 10/40 [poisoned by Dowan]
  4932 | D:4      | 4932 ||| READING scroll labelled REHISTRIMIT.
  5044 | D:5      | Entered Level 5 of the Dungeon
  5063 | D:5      | 5063 ||| INVOKING Heroism.
  5073 | D:5      | Reached skill level 1 in Invocations
  5119 | D:5      | Reached skill level 3 in Fighting
  5286 | D:5      | 5286 ||| Stepping ~*~*~tactically~*~*~ (stealth).
  5289 | D:5      | 5289 ||| INVOKING Heroism.
  5311 | D:5      | Reached ** piety under Okawaru
  5312 | D:5      | Reached skill level 3 in Invocations
  5312 | D:5      | Reached XP level 8. HP: 32/46 MP: 12/12
  5337 | D:5      | 5337 ||| Stepping ~*~*~tactically~*~*~ (stealth).
  5339 | D:5      | 5339 ||| Stepping ~*~*~tactically~*~*~ (stealth).
  5546 | D:5      | 5546 ||| Stepping ~*~*~tactically~*~*~ (stealth).
  5552 | D:5      | Reached skill level 8 in Axes
  5561 | D:5      | 5561 ||| Stepping ~*~*~tactically~*~*~ (hiding).
  5562 | D:5      | 5562 ||| SWAPPING to +0 war axe.
  5563 | D:5      | Noticed Menkaure
  5564 | D:5      | 5564 ||| INVOKING Heroism.
  5578 | D:5      | 5578 ||| INVOKING Heroism.
  5580 | D:5      | HP: 7/46 [Menkaure/nerve-wracking pain (6)]
  5581 | D:5      | 5581 ||| READING scroll of teleportation.
  5582 | D:5      | Killed Menkaure
  5584 | D:5      | HP: 3/46 [gnoll/+0 spear (4)]
  5866 | D:5      | 5866 ||| DROPPING +2 hand axe of venom.
  5882 | D:5      | 5882 ||| Stepping ~*~*~tactically~*~*~ (stealth).
  5941 | D:5      | 5941 ||| Stepping ~*~*~tactically~*~*~ (stealth).
  5942 | D:5      | 5942 ||| Stepping ~*~*~tactically~*~*~ (stealth).
  5943 | D:5      | 5943 ||| Stepping ~*~*~tactically~*~*~ (stealth).
  5952 | D:5      | 5952 ||| Stepping ~*~*~tactically~*~*~ (stealth).
  5982 | D:5      | 5982 ||| Stepping ~*~*~tactically~*~*~ (stealth).
  5997 | D:5      | 5997 ||| Stepping ~*~*~tactically~*~*~ (stealth).
  5999 | D:5      | 5999 ||| INVOKING Heroism.
  6030 | D:5      | 6030 ||| Stepping ~*~*~tactically~*~*~ (stealth).
  6037 | D:5      | 6037 ||| Stepping ~*~*~tactically~*~*~ (stealth).
  6193 | D:5      | Found a basalt altar of Yredelemnul.
  6301 | D:5      | Reached skill level 9 in Axes
  6320 | D:5      | 6320 ||| UPGRADING to +0 cloak.
  6325 | D:5      | 6325 ||| UPGRADING to +0 buckler.
  6330 | D:5      | 6330 ||| READING scroll labelled NEUNTE ULIEHI.
  6331 | D:5      | 6331 ||| READING 7 scrolls of identify.
  6331 | D:5      | 6331 ||| IDENTIFYING golden potion
  6332 | D:5      | 6332 ||| READING 6 scrolls of identify.
  6332 | D:5      | 6332 ||| IDENTIFYING bubbling clear potion
  6333 | D:5      | 6333 ||| READING 5 scrolls of identify.
  6333 | D:5      | 6333 ||| IDENTIFYING emerald potion
  6334 | D:5      | 6334 ||| READING 4 scrolls of identify.
  6334 | D:5      | 6334 ||| IDENTIFYING inky potion
  6335 | D:5      | 6335 ||| READING 3 scrolls of identify.
  6335 | D:5      | 6335 ||| IDENTIFYING smoky pink potion
  6336 | D:5      | 6336 ||| DROPPING potion of degeneration.
  6337 | D:5      | 6337 ||| DROPPING potion of invisibility.
  6338 | D:5      | 6338 ||| DROPPING potion of lignification.
  6361 | D:6      | Reached skill level 1 in Shields
  6386 | D:6      | Found a runed translucent door.
  6386 | D:6      | Found a shimmering altar of Xom.
  6386 | D:6      | Noticed qw's ghost (amateur TeWr)
  6478 | D:6      | 6478 ||| FLEEEEING.
  6479 | D:6      | 6479 ||| FLEEEEING.
  6480 | D:6      | 6480 ||| FLEEEEING.
  6481 | D:6      | 6481 ||| FLEEEEING.
  6481 | D:6      | Noticed a +0 short sword of chaos
  6485 | D:6      | 6485 ||| STAIRDANCE
  6538 | D:6      | 6538 ||| INVOKING Heroism.
  6540 | D:6      | Reached XP level 9. HP: 32/52 MP: 10/13
  6541 | D:6      | 6541 ||| Stepping ~*~*~tactically~*~*~ (stealth).
  6547 | D:6      | 6547 ||| Stepping ~*~*~tactically~*~*~ (stealth).
  6550 | D:6      | 6550 ||| Stepping ~*~*~tactically~*~*~ (stealth).
  6557 | D:6      | 6557 ||| Stepping ~*~*~tactically~*~*~ (stealth).
  6560 | D:6      | 6560 ||| Stepping ~*~*~tactically~*~*~ (stealth).
  6564 | D:6      | 6564 ||| Stepping ~*~*~tactically~*~*~ (stealth).
  6741 | D:6      | 6741 ||| INVOKING Heroism.
  6783 | D:6      | Found Reec's Book Boutique.
  6823 | D:6      | Reached skill level 10 in Axes
  6921 | D:6      | Reached skill level 3 in Shields
  6929 | D:6      | 6929 ||| DROPPING +0 flail.
  6989 | D:6      | 6989 ||| Stepping ~*~*~tactically~*~*~ (hiding).
  6992 | D:6      | 6992 ||| INVOKING Heroism.
  7001 | D:6      | Reached skill level 3 in Dodging
  7400 | D:6      | Found an ornate altar of the Wu Jian Council.
  7401 | D:6      | Found a radiant altar of Vehumet.
  7402 | D:6      | Found a stormy altar of Qazlal.
  7407 | D:6      | Found a sparkling altar of Nemelex Xobeh.
  7479 | D:6      | Found a broken altar of Ashenzari.
  7482 | D:6      | 7482 ||| Stepping ~*~*~tactically~*~*~ (stealth).
  7509 | D:6      | 7509 ||| INVOKING Heroism.
  7785 | D:6      | 7785 ||| READING scroll labelled TECWOU MACHUO.
  7786 | D:6      | 7786 ||| READING scroll labelled FAPLOM YXASM.
  7787 | D:6      | 7787 ||| READING 3 scrolls of identify.
  7787 | D:6      | 7787 ||| IDENTIFYING dark potion
  7809 | D:7      | 7809 ||| Stepping ~*~*~tactically~*~*~ (hiding).
  7810 | D:7      | 7810 ||| Stepping ~*~*~tactically~*~*~ (hiding).
  7841 | D:7      | 7841 ||| INVOKING Heroism.
  7870 | D:7      | Found a hide-covered altar of Uskayaw.
  7870 | D:7      | Noticed a boulder beetle
  7871 | D:7      | 7871 ||| INVOKING Heroism.
  7880 | D:7      | HP: 7/52 [boulder beetle (13)]
  7897 | D:7      | 7897 ||| INVOKING Heroism.
  7901 | D:7      | HP: 4/52 [boulder beetle (5)]
  7903 | D:7      | Demolished by a boulder beetle

Levels and vault maps discovered:
D:1:      lightli_arrival_boilingwater, layout_basic,
          nicolae_concentric_dashed_squares_wild, chequers_serial_rivers_micro_e
D:2:      layout_loops_corners, hellmonk_ecumenical_altar_inner_sanctum,
          uniq_jessica
D:3:      layout_rooms
D:4:      layout_basic, minmay_temple_entry_sparse_star, st_stairs_5,
          nicolae_elevator_lobby_plus, uniq_duvessa
D:5:      layout_gridville, kennysheep_mini_moat, minmay_fractal_squares_5,
          uniq_menkaure
D:6:      layout_basic, mainiacjoe_overflow_alcove_3,
          cheibrodos_ashenzari_chains, ebering_ghost_xom, serial_shops, shop
D:7:      minmay_chambers_of_sevens, layout_gridville,
          hangedman_abyss_or_decor_slice, hangedman_feature_mirror,
          minmay_alternating_orb, uniq_pikel, uniq_maggie, uniq_joseph
Temple:   kb_temple_of_zot

Skill      XL: |  1  2  3  4  5  6  7  8  9 |
---------------+----------------------------+-----
Axes           | 3 4 6 7 9 10 | 10.0
Armour         | 3 4 |  4.0
Invocations    | 3 4 |  4.1
Fighting       | 3 4 |  4.5
Shields        | 2 3 |  3.0
Dodging        | 3 |  3.1
Throwing       | |  1.0
Spellcasting   | |  2.0
Translocations | |  2.4

Action                   |  1- 3 |  4- 6 |  7- 9 || total
-------------------------+-------+-------+-------++-------
Melee: Hand axe          |    69 |    88 |    51 ||   208
       Kick              |    17 |    28 |    68 ||   113
       Peck              |     6 |    14 |    38 ||    58
       War axe           |       |       |   139 ||   139
       Punch             |       |       |     3 ||     3
Throw: Boomerang         |     7 |    16 |    49 ||    72
Invok: Heroism           |       |       |    13 ||    13
  Use: Scroll            |     5 |     6 |    11 ||    22
       Potion            |     1 |     3 |     1 ||     5
 Stab: Sleeping          |       |     1 |       ||     1
Armor: Leather armour    |    19 |     2 |       ||    21
       Scale mail        |       |    14 |       ||    14
       Chain mail        |       |    17 |    81 ||    98
Dodge: Dodged            |    47 |    40 |    70 ||   157
Block: Buckler           |       |       |    17 ||    17

Table legend:
 A = Non-vault XP
 B = Vault XP
 C = Vault XP percentage of total XP
 D = Non-vault monster count
 E = Vault monster count
 F = Vault count percentage of total count
                 A         B        C        D         E       F
            +---------+---------+-------+---------+---------+-------
      Total |    2574 |     623 |  19.5 |      94 |      12 |  11.3
            +---------+---------+-------+---------+---------+-------
        D:1 |      33 |       0 |   0.0 |      19 |       0 |   0.0
        D:2 |      41 |      37 |  47.4 |      12 |       1 |   7.7
        D:3 |      41 |       0 |   0.0 |      17 |       0 |   0.0
        D:4 |     249 |     286 |  53.5 |       8 |       5 |  38.5
        D:5 |     927 |     300 |  24.4 |      17 |       6 |  26.1
        D:6 |    1161 |       0 |   0.0 |      19 |       0 |   0.0
        D:7 |     122 |       0 |   0.0 |       2 |       0 |   0.0
            +---------+---------+-------+---------+---------+-------
